 Dungeon Crawl Stone Soup version 0.16.1-51-g6203257 (webtiles) character file.

217 Jinxed the Shield-Bearer (level 5, 0/34 HPs)
             Began as a Gargoyle Fighter on Aug 10, 2015.
             Was an Initiate of Fedhas.
             Slain by swarr's ghost (7 damage)
             ... on level 4 of the Dungeon.
             The game lasted 00:07:09 (2406 turns).

Jinxed the Shield-Bearer (Gargoyle Fighter)         Turns: 2406, Time: 00:07:09

Health: 0/34       AC: 14    Str: 21    XL:     5   Next: 94%
Magic:  5/5        EV:  7    Int:  8    God:    Fedhas [......]
Gold:   170        SH: 10    Dex:  9    Spells: 0 memorised, 4 levels left

rFire  . . .     SeeInvis .     h - +1 whip (venom)
rCold  . . .     Clarity  .     b - +0 scale mail
rNeg   + . .     SustAb   .     c - +1 shield
rPois  ∞         Gourm    .     j - +2 helmet
rElec  +         Spirit   .     (no cloak)
rCorr  .         Warding  .     (no gloves)
rMut   .         Stasis   .     (no boots)
MR     .....                    (no amulet)
Stlth  ..........               (no ring)
                                q - ring of loudness (curse)

@: not resistant to hostile enchantments, extremely unstealthy
A: negative energy resistance 1, electricity resistance, unbreathing,
petrification resistance, rot immunity, AC +4
a: Renounce Religion


You were on level 4 of the Dungeon.
You worshipped Fedhas.
Fedhas was noncommittal.
You were very hungry.

You visited 2 branches of the dungeon, and saw 5 of its levels.

You collected 170 gold pieces.

Inventory:

Hand weapons
 h - a +1 whip of venom (weapon)
Armour
 b - a +0 scale mail (worn)
 c - a +1 shield (worn)
 j - a +2 helmet (worn)
Jewellery
 q - a cursed ring of loudness (left hand)
Scrolls
 a - a scroll of amnesia
 f - 2 scrolls of noise
 g - a scroll of remove curse {unknown}
 l - a scroll of teleportation
 n - a scroll of random uselessness {unknown}
 o - a scroll of immolation {unknown}
 p - 3 scrolls of enchant armour
 t - a scroll of identify {unknown}
Potions
 e - a potion of might
 k - a potion of haste {unknown}
 m - a potion of curing {unknown}
 r - a potion of flight {unknown}
Comestibles
 d - 4 bread rations
 i - 2 meat rations
 s - a beef jerky


   Skills:
 * Level 4.8 Fighting
 + Level 2.7 Maces & Flails
 + Level 4.1 Armour
 * Level 5.0 Shields


You had 4 spell levels left.
You didn't know any spells.

Dungeon Overview and Level Annotations

Branches:
Dungeon (4/15)             Temple (1/1) D:4

Altars:
Ashenzari
Cheibriados
Elyvilon
Fedhas
Gozag
Kikubaaqudgha
Makhleb
Nemelex Xobeh
Qazlal
Ru
Sif Muna
Xom
Yredelemnul
The Shining One

Annotations:
D:4 swarr's ghost, experienced GrFi


Innate Abilities, Weirdness & Mutations

You are resistant to torment.
You are immune to poison.
Your stone body is very resilient (AC +4).
You resist negative energy.
You are resistant to electric shocks.
You can survive without breathing.
You are immune to petrification.
You are immune to rotting.


Message History

You hit swarr's ghost but do no damage.
Swarr's ghost is lightly damaged.
You block swarr's ghost's attack.
You hit swarr's ghost but do no damage.
Swarr's ghost is lightly damaged.
You block swarr's ghost's attack.
You hit swarr's ghost but do no damage.
Swarr's ghost is lightly damaged.
You block swarr's ghost's attack.
You hit swarr's ghost.
Swarr's ghost is lightly damaged.
Swarr's ghost hits you.
You barely miss swarr's ghost.
Swarr's ghost is lightly damaged.
Swarr's ghost hits you.
* * * LOW HITPOINT WARNING * * *
You are feeling very hungry.
Swarr's ghost hits you!
You die...
Fedhas appreciates your contribution to the ecosystem.

#.....#....#........
#.#.....#....#........#
#............#........#
#.####....####........#
#####....####....)...##
........................
#########.....###....#..##.
#.....# #....W###....# .#
#.....###.....@......#
#............)###....#
#...........÷))...####
#..........######.#
#.(...#.....# #.#
#.....#.....#####.####
#..(..###+###......).#
#.....#.....#...P..#.#
#######.⌠.⌠.#........#


You could see swarr's ghost.

Vanquished Creatures
  2 orc wizards (D:3)
  An orc priest (D:4)
  A giant frog skeleton (D:4)
  3 adders (D:3)
  2 worms
  A giant gecko (D:2)
  6 orcs
  10 goblins
  9 hobgoblins
  3 jackals (D:1)
  2 quokkas
  4 bats
  3 giant cockroaches (D:2)
  4 giant newts
  6 kobolds
  5 rats
62 creatures vanquished.

Vanquished Creatures (others)
  11 toadstools (D:4)
11 creatures vanquished.

Grand Total: 73 creatures vanquished

Notes
Turn   | Place    | Note
--------------------------------------------------------------
     0 | D:1      | Jinxed, the Gargoyle Fighter, began the quest for the Orb.
     0 | D:1      | Reached XP level 1. HP: 14/14 MP: 1/1
   244 | D:1      | Reached XP level 2. HP: 19/19 MP: 2/2
   653 | D:2      | Reached XP level 3. HP: 22/24 MP: 3/3
  1495 | D:3      | Reached skill level 4 in Shields
  1547 | D:3      | Reached XP level 4. HP: 26/29 MP: 4/4
  1788 | D:3      | Found a deep blue altar of Sif Muna.
  1788 | D:3      | Found a sacrificial altar of Ru.
  2005 | D:3      | Reached XP level 5. HP: 24/34 MP: 5/5
  2144 | D:4      | Found a staircase to the Ecumenical Temple.
  2150 | Temple   | Entered the Ecumenical Temple
  2261 | Temple   | Became a worshipper of Fedhas Madash
  2355 | D:4      | Reached skill level 5 in Shields
  2374 | D:4      | Noticed swarr's ghost (experienced GrFi)
  2406 | D:4      | Slain by swarr's ghost

Action                   |  1- 3 |  4- 6 || total
-------------------------+-------+-------++-------
Melee: Flail             |    13 |       ||    13
       Whip              |    99 |   113 ||   212
  Use: Scroll            |     6 |       ||     6
  Eat: Chunk             |     2 |     2 ||     4
